 Dungeon Crawl Stone Soup version 0.26.0-5-gb5863c6483 (webtiles) character file.

Game seed: 5874718538559231884

116 Acheron the Insei (level 5, 0/38 HPs)
             Began as a Merfolk Wanderer on Jan 10, 2021.
             Was an Initiate of Okawaru.
             Slain by a phantom (5 damage)
             ... on level 4 of the Dungeon.
             The game lasted 00:15:17 (3457 turns).

Acheron the Insei (Merfolk Wanderer)                Turns: 3457, Time: 00:15:18

Health: 0/38       AC:  7    Str: 15    XL:     5   Next: 1%
Magic:  5/5        EV: 12    Int:  8    God:    Okawaru [......]
Gold:   179        SH:  0    Dex: 15    Spells: 4/4 levels left

rFire    . . .     SeeInvis .   a - +2 dagger
rCold    . . .     Faith    .   (no shield)
rNeg     . . .     Spirit   .   j - +0 leather armour
rPois    .         Reflect  .   (no helmet)
rElec    .         Harm     .   t - +0 cloak
rCorr    .         Rampage  .   u - +0 pair of gloves (curse)
Will     .....                  g - +1 pair of boots
Stlth    ++........             (no amulet)
HPRegen  0.12/turn              (no ring)
MPRegen  0.09/turn              (no ring)

@: hasted, very quick
A: change form in water, swift swim, stealthy swim
a: Renounce Religion


You were on level 4 of the Dungeon.
You worshipped Okawaru.
Okawaru was noncommittal.
You visited 1 branch of the dungeon, and saw 4 of its levels.

You collected 179 gold pieces.

Inventory:

Hand Weapons
 a - a +2 dagger (weapon)
 c - a +0 quarterstaff
 o - a +0 hand axe of pain
Missiles
 b - a curare-tipped dart
 h - 33 stones
 i - 3 datura-tipped darts
 n - 17 sling bullets
 p - 25 poisoned darts (quivered)
Armour
 e - a +0 robe
 g - a +1 pair of boots (worn)
 j - a +0 leather armour (worn)
 t - a +0 cloak (worn)
 u - a cursed +0 pair of gloves (worn)
Jewellery
 l - a +4 ring of slaying {unknown}
 s - an uncursed ring of flight {unknown}
Scrolls
 f - a scroll of remove curse
 r - a scroll of identify
Potions
 d - 2 potions of curing
 k - 2 potions of magic


   Skills:
 * Level 1.7 Fighting
 * Level 2.5 Short Blades
 + Level 1.0 Bows
 * Level 1.5 Throwing
 * Level 1.5 Armour
 * Level 1.8 Dodging
 * Level 2.8 Stealth
 + Level 1.0 Shields
 - Level 4.3 Unarmed Combat


You had 4 spell levels left.
You didn't know any spells.
Your spell library contained the following spells:

 Spells                   Type           Power        Failure   Level
 Foxfire                  Conj/Fire      0%           47%         1


Dungeon Overview and Level Annotations

Branches:
Dungeon (4/15)
 Temple: D:4-7

Altars:
Okawaru
Qazlal
Sif Muna
Trog

Annotations:
D:2 Natasha
D:3 Terence
D:4 Pikel


Message History

You hit Pikel but do no damage.
Pikel is lightly wounded.
Pikel hits you but does no damage. The phantom hits you!
* * * LOW HITPOINT WARNING * * *
The phantom blinks!
Your leather armour prevents you from hitting Pikel.
Pikel is lightly wounded.
The lemure closely misses you.
You closely miss Pikel.
Pikel is lightly wounded.
The phantom blinks!
Pikel hits you but does no damage.
You closely miss the phantom. The lemure hits you but does no damage.
You hit the phantom but do no damage.
The phantom blinks!
The phantom blinks!
You closely miss the phantom. You hit the phantom.
The phantom is lightly damaged.
The phantom completely misses you. The phantom hits you.
You die...

.# #...# #.#
.#######...# #.#
...........# #.# #.# .#
#....s..#####.#.# #.# .#
#.............#.# #.# .#
#.. #W## #.# #.# .# ...
##.## #.# #.# .(. #§#
##.# ###.# #.#
####.##5###§####@..###.#
#..§K§#§5K.5.W......#
###§##§######.####### #
### #.# #.# #.#
######### #Z......#
#.⌠.⌠.⌠.#


You could see Pikel, a phantom and 2 lemures.

Vanquished Creatures
  4 adders
  A shadow imp (D:2)
  A white imp (D:3)
  A worm (D:3)
  7 orcs
  2 ball pythons
  4 bats
  3 giant cockroaches
  6 hobgoblins
  8 jackals
  A quokka (D:3)
  A frilled lizard (D:1)
  8 goblins
  2 kobolds
  3 rats
52 creatures vanquished.

Notes
Turn   | Place    | Note
-------+----------+-------------------------------------------
     0 | D:1      | Acheron the Merfolk Wanderer began the quest for the Orb.
     0 | D:1      | Acheron set off with the following items: a +2 dagger, a
                  | curare-tipped dart, a +0 quarterstaff, a potion of curing,
                  | a +0 robe
     0 | D:1      | Reached XP level 1. HP: 15/15 MP: 1/1
   379 | D:1      | Reached XP level 2. HP: 16/21 MP: 2/2
   613 | D:1      | Reached skill level 1 in Dodging
  1004 | D:2      | Reached XP level 3. HP: 26/26 MP: 3/3
  1006 | D:2      | Reached skill level 1 in Short Blades
  1266 | D:2      | Noticed a necrophage
  1576 | D:3      | Reached XP level 4. HP: 32/32 MP: 4/4
  1717 | D:2      | Noticed Natasha
  1764 | D:2      | Found an iron altar of Okawaru.
  2319 | D:3      | Found a stormy altar of Qazlal.
  2650 | D:3      | Found a shimmering blue altar of Sif Muna.
  2670 | D:3      | Found a bloodstained altar of Trog.
  2670 | D:3      | Noticed Terence
  2850 | D:2      | Became a worshipper of Warmaster Okawaru
  3023 | D:3      | Reached XP level 5. HP: 27/38 MP: 5/5
  3178 | D:4      | Noticed Pikel
  3178 | D:4      | Noticed a lemure
  3178 | D:4      | Noticed a lemure
  3178 | D:4      | Noticed a lemure
  3178 | D:4      | Noticed a lemure
  3373 | D:3      | Identified Sif Muna's Guide on Attacks
  3423 | D:4      | Noticed a phantom
  3457 | D:4      | Slain by a phantom

Illustrated notes

Levels and vault maps discovered:
D:1:      minmay_arrival_semitransparent, layout_loops_ring
D:2:      layout_loops_ring, serial_glass, glass_columns_c, glass_columns_b,
          glass_columns_c, glass_columns_a, glass_columns_a, glass_columns_a,
          glass_columns_b, glass_columns_b, glass_columns_c, glass_columns_c,
          okawaru_metal_pillars_1_2, uniq_natasha
D:3:      layout_loops_cross, nzn_overflow_gifts_of_might_and_magic,
          lemuel_coloured_pillars_altar
D:4:      layout_loops_ring, grunt_ministairs_3, dk_yredelemnul_ordeal,
          uniq_pikel, uniq_ijyb

Skill      XL: |  1  2  3  4 |
---------------+-------------+-----
Stealth        | 2 |  2.8
Dodging        | 1 |  1.8
Short Blades   | 1 2 |  2.5
Fighting       | |  1.7
Bows           | |  1.0
Throwing       | |  1.5
Armour         | |  1.5
Shields        | |  1.0
Unarmed Combat | |  4.3

Action                   |  1- 3 |  4- 6 || total
-------------------------+-------+-------++-------
Melee: Dagger            |   104 |   140 ||   244
       Punch             |     3 |     3 ||     6
  Use: Scroll            |     6 |     3 ||     9
       Potion            |       |     1 ||     1
 Stab: Sleeping          |     3 |     2 ||     5
Armor: Leather armour    |    25 |    45 ||    70
Dodge: Dodged            |    54 |    71 ||   125
